 Dungeon Crawl Stone Soup version 0.21.1-1-g345015f (webtiles) character file.

10866 poirepourri the Blocker (level 11, -3/93 HPs)
             Began as a Minotaur Fighter on July 12, 2018.
             Was a Believer of Makhleb.
             Slain by a slime creature (14 damage)
             ... while paralysed by a great orb of eyes
             ... on level 11 of the Dungeon.
             The game lasted 00:10:46 (12019 turns).

poirepourri the Blocker (Minotaur Fighter)         Turns: 12019, Time: 00:10:46

Health: -3/93      AC: 14    Str: 21    XL:     11   Next: 41%
Magic:  2/8        EV:  2    Int:  5    God:    Makhleb [**....]
Gold:   463        SH:  0    Dex: 22    Spells: 10/10 levels left

rFire    . . .     SeeInvis .   a - +2 war axe
rCold    . . .     Gourm    .   c - +2 shield
rNeg     . . .     Faith    .   s - +3 scale mail
rPois    +         Spirit   .   (helmet restricted)
rElec    .         Reflect  .   (no cloak)
rCorr    .         Harm     .   n - +1 pair of gloves
MR       .....                  (no boots)
Stlth    ++........             (no amulet)
HPRegen  0.25/turn              x - +2 ring of protection
MPRegen  0.11/turn              d - +4 ring of dexterity

@: paralysed, agile, very slightly contaminated, invisible
A: retaliatory headbutt, horns 2, frail 1, low mp 1, poison resistance,
screaming 1
a: Minor Destruction, Renounce Religion


You were on level 11 of the Dungeon.
You worshipped Makhleb.
Makhleb was pleased with you.
You were full.

You visited 2 branches of the dungeon, and saw 12 of its levels.

You collected 463 gold pieces.

Inventory:

Hand Weapons
 a - a +2 war axe (weapon)
 b - a +1 flail of crushing
Missiles
 j - 8 tomahawks
 k - 17 bolts
 u - 6 poisoned javelins (quivered)
Armour
 c - a +2 shield (worn)
 n - a +1 pair of gloves (worn)
 s - a +3 scale mail (worn)
Jewellery
 d - a +4 ring of dexterity (right hand)
 x - a +2 ring of protection (left hand)
 F - an uncursed ring of poison resistance
Wands
 e - a wand of flame (29)
 i - a wand of acid (8)
 l - a wand of paralysis (25)
 p - a wand of iceblast (10)
Scrolls
 h - 4 scrolls of teleportation
 w - a scroll of identify
 y - a scroll of remove curse
Potions
 g - 2 potions of cancellation
 m - a potion of resistance
 q - 2 potions of lignification
 t - a potion of brilliance {unknown}
 v - a potion of degeneration {unknown}
 z - 2 potions of magic {unknown}
Comestibles
 f - 18 rations


   Skills:
 - Level 12.2 Fighting
 + Level 11.5 Axes
 - Level 3.6 Armour
 - Level 6.1 Dodging
 - Level 12.5 Shields


You had 10 spell levels left.
You didn't know any spells.

Dungeon Overview and Level Annotations

Branches:
Dungeon (11/15)            Temple (1/1) D:6            Lair (0/6) D:8
    Orc: D:9-12

Altars:
Ashenzari
Cheibriados
Dithmenos
Elyvilon
Fedhas
Gozag
Hepliaklqana
Kikubaaqudgha
Makhleb
Nemelex Xobeh
Okawaru
Qazlal
Ru
Sif Muna
Trog
Uskayaw
Vehumet
Wu Jian
Xom
Yredelemnul
Zin
The Shining One
Jiyva

Annotations:
D:11 1 transporter


Innate Abilities, Weirdness & Mutations

You reflexively headbutt those who attack you in melee.
You have a pair of horns on your head.
You are frail. (-10% HP)
Your magical capacity is low. (-10% MP)
Your system is resistant to poisons. (rPois)
You occasionally shout uncontrollably at your foes.


Message History

The slime creature hits you but does no damage.
The large slime creature completely misses you.
The great orb of eyes bites you but does no damage.
The slime creature hits you but does no damage.
A large slime creature splits.
The slime creature hits you! The great orb of eyes gazes at you.
You are blasted!
The slime creature hits you but does no damage.
The slime creature quivers.
The slime creature hits you!
The slime creature hits you but does no damage.
The slime creature hits you.
* * * LOW HITPOINT WARNING * * *
The great orb of eyes bites you.
* * * LOW HITPOINT WARNING * * *
The slime creature hits you!
* * * LOW HITPOINT WARNING * * *
The slime creature hits you but does no damage.
The slime creature hits you!
You die...

##.......#..#####
#....?...#.......
#...........#####
.©..........# ...
#######...$.##.#
####### #........#.
##©###.####.#.......
##..#J#..###......###
#..J@JJ.$.##..<<.....
###JGJ$.####.........
#..?J$..# #.........
##.}"$.## #.........
%...)....##.........
##..#©#..###.#.######
##.###.## #.#.#
####### #...# ###


You could see a great orb of eyes and 7 slime creatures.

Vanquished Creatures
  A hydra (D:9)
  2 two-headed ogres
  Pikel (D:4)
  A harpy (shapeshifter) (D:11)
  The ghost of dscm the Insei, a novice OpFi of Cheibriados (D:6)
  A troll (D:11)
  A hornet (D:10)
  2 hippogriffs
  A slime creature (D:11)
  2 dream sheep (D:9)
  Sigmund (D:3)
  7 yaks
  The ghost of troglodite the Skirmisher, an amateur DsBe of Trog (D:3)
  2 hell hounds (D:8)
  4 ice beasts
  3 sky beasts
  2 phantoms
  An orc warrior (D:6)
  2 slaves (D:4)
  2 black bears (D:7)
  4 ogres
  7 bullfrogs
  7 big kobolds
  A gnoll sergeant (D:9)
  A wyvern zombie (D:7)
  3 scorpions
  A howler monkey (D:5)
  7 wights
  3 crimson imps
  2 centaur zombies
  A quasit (D:7)
  A jelly (D:5)
  6 orc priests
  A bullfrog skeleton (D:4)
  2 centaur skeletons
  8 hounds
  11 orc wizards
  Terence (D:3)
  2 iguanas
  Ijyb (D:5)
  11 worker ants
  A hound zombie (D:6)
  A worker ant zombie (D:11)
  10 gnolls
  A howler monkey zombie (D:6)
  11 adders
  4 shadow imps
  2 adder zombies
  An adder skeleton (D:4)
  5 worms
  5 dart slugs
  5 leopard geckos
  37 orcs
  7 giant cockroaches
  9 goblins
  14 hobgoblins
  4 jackals (D:5)
  50 kobolds
  7 quokkas
  A ball python (D:2)
  2 bats
  6 frilled lizards
  A leopard gecko skeleton (D:4)
  A quokka skeleton (D:9)
  15 rats
319 creatures vanquished.

Vanquished Creatures (others)
  A hound (D:4)
  An iguana (D:4)
  6 fungi (D:6)
8 creatures vanquished.

Grand Total: 327 creatures vanquished

Notes
Turn   | Place    | Note
-------+----------+-------------------------------------------
     0 | D:1      | poirepourri the Minotaur Fighter began the quest for the Orb.
     0 | D:1      | Reached XP level 1. HP: 19/19 MP: 0/0
   176 | D:1      | Reached XP level 2. HP: 20/26 MP: 1/1
   610 | D:1      | Reached XP level 3. HP: 31/31 MP: 2/2
  1230 | D:2      | Reached skill level 5 in Axes
  1317 | D:2      | Reached XP level 4. HP: 39/39 MP: 3/3
  2114 | D:3      | Reached XP level 5. HP: 31/45 MP: 4/4
  2171 | D:3      | Found a faded altar of an unknown god.
  2408 | D:3      | Noticed Sigmund
  2670 | D:3      | Killed Sigmund
  2670 | D:3      | Reached XP level 6. HP: 44/51 MP: 5/5
  2897 | D:3      | Noticed Terence
  2914 | D:3      | Killed Terence
  3071 | D:3      | Reached skill level 5 in Fighting
  3071 | D:3      | Reached XP level 7. HP: 28/61 MP: 6/6
  3082 | D:3      | Gained mutation: You are frail. (-10% HP) [potion of mutation]
  3082 | D:3      | Gained mutation: Your magical capacity is low. (-10% MP) [potion of mutation]
  3082 | D:3      | Gained mutation: You occasionally shout uncontrollably at your foes. [potion of mutation]
  3082 | D:3      | Gained mutation: Your system is resistant to poisons. (rPois) [potion of mutation]
  3529 | D:3      | Noticed troglodite's ghost (amateur DsBe)
  3538 | D:3      | Killed troglodite's ghost
  3726 | D:4      | Noticed Pikel
  3739 | D:4      | Killed Pikel
  3739 | D:4      | Reached skill level 5 in Dodging
  3739 | D:4      | Reached XP level 8. HP: 24/65 MP: 6/6
  4361 | D:4      | Reached skill level 5 in Shields
  4757 | D:5      | Entered Level 5 of the Dungeon
  4915 | D:5      | Noticed Ijyb
  4924 | D:5      | Killed Ijyb
  5268 | D:5      | Reached XP level 9. HP: 63/71 MP: 7/7
  5525 | D:6      | Noticed dscm's ghost (novice OpFi)
  5538 | D:6      | Killed dscm's ghost
  5753 | D:6      | Reached skill level 10 in Shields
  5864 | D:6      | Found a staircase to the Ecumenical Temple.
  5944 | Temple   | Entered the Ecumenical Temple
  6068 | Temple   | Became a worshipper of Makhleb the Destroyer
  6858 | D:7      | Found a bloodstained altar of Trog.
  7084 | D:7      | Reached * piety under Makhleb
  7134 | D:7      | Reached XP level 10. HP: 67/77 MP: 8/8
  7329 | D:7      | Got a smoking turquoise ring
  7890 | D:8      | Found a staircase to the Lair.
  8498 | D:9      | Noticed a two-headed ogre
  8507 | D:9      | Killed a two-headed ogre
  8965 | D:9      | Reached ** piety under Makhleb
  8965 | D:9      | Reached skill level 10 in Fighting
  9494 | D:9      | Noticed a three-headed hydra
  9506 | D:9      | Killed a four-headed hydra
  9902 | D:10     | Entered Level 10 of the Dungeon
  9917 | D:10     | Reached XP level 11. HP: 59/93 MP: 8/8
 10605 | D:10     | Noticed a two-headed ogre
 10617 | D:10     | Killed a two-headed ogre
 10735 | D:10     | Reached skill level 10 in Axes
 11091 | D:10     | Identified the ring "Kefoi" {*Tele +Inv rC+ Str+2} (You found it on level 7 of the Dungeon)
 11796 | D:11     | Noticed a harpy
 11820 | D:11     | Killed a harpy
 11999 | D:11     | Found a viscous altar of Jiyva.
 11999 | D:11     | Noticed a great orb of eyes
 12006 | D:11     | Found a transporter.
 12014 | D:11     | Paralysed by a great orb of eyes for 5 turns
 12019 | D:11     | Slain by a slime creature

Skill      XL: |  1  2  3  4  5  6  7  8  9 10 11 |
---------------+----------------------------------+-----
Axes           | 3 4 5 6 8 11 | 11.5
Fighting       | 5 7 12 | 12.2
Dodging        | 5 6 |  6.1
Shields        | 7 12 | 12.5
Armour         | |  3.6

Action                   |  1- 3 |  4- 6 |  7- 9 | 10-12 || total
-------------------------+-------+-------+-------+-------++-------
Melee: War axe           |    85 |   149 |   280 |   287 ||   801
       Headbutt          |    14 |    13 |    60 |    76 ||   163
       Flail             |       |       |       |     8 ||     8
  Use: Scroll            |     6 |     5 |     7 |    11 ||    29
       Potion            |       |     1 |     7 |     2 ||    10
 Stab: Invisible         |       |       |       |     6 ||     6
  Eat: Chunk             |     1 |     3 |       |       ||     4
       Ration            |       |     1 |     5 |     5 ||    11
Armor: Scale mail        |    37 |    85 |    90 |   117 ||   329
Dodge: Dodged            |    24 |    63 |   120 |   161 ||   368
Block: Shield            |    38 |   135 |   233 |   310 ||   716
